 Dungeon Crawl Stone Soup version 0.32-a0-630-g46d191b0ed (webtiles) character file.

Game seed: 10732050474868108543

8768 ezpacito the Trooper (level 11, -4/85 HPs)
             Began as a Coglin Chaos Knight on Mar 6, 2024.
             Was a Plaything of Xom.
             Killed from afar by a steam dragon (24 damage)
             ... with a ball of steam
             ... on level 8 of the Dungeon.
             The game lasted 00:14:50 (7896 turns).

ezpacito the Trooper (Coglin Chaos Knight)          Turns: 7896, Time: 00:14:51

Health: -4/85      AC: 16    Str: 16    XL:     11   Next: 36%
Magic:  17/17      EV: 12    Int: 16    God:    Xom [...*..]
Gold:   447        SH:  0    Dex: 14    Spells: 5/17 levels left

rFire   . . .        f - +4 broad axe "Sukhudi" {pain, ^Fragile rPois Dex+2}
rCold   + . .        a - +0 hand axe (chaos) {Qiu}
rNeg    . . .        j - +1 scale mail {Will+}
rPois   +            w - +1 helmet
rElec   .            e - +0 cloak
rCorr   .            u - +0 pair of gloves
SInv    .            D - +1 pair of boots
Will    +....        (amulet unavailable)
Stlth   +            (ring unavailable)
HPRegen 0.34/turn    (ring unavailable)
MPRegen 0.15/turn    (no gizmo)

%: no passive effects
@: revving
A: off-hand wielding, slow wielding, warmup strikes, no jewellery, fangs 1,
clever 1, cold resistance 1, high MP 1, poison resistance, inability to drink
after injury 2, inability to read after injury 1
a: Invent Gizmo, Renounce Religion


You were on level 8 of the Dungeon.
You worshipped Xom.
You were a favourite toy of Xom.
You visited 2 branches of the dungeon, and saw 10 of its levels.
You also visited: Ossuary.

You collected 447 gold pieces.

Inventory:

Hand Weapons
 a - a +0 hand axe of chaos (offhand) {Qiu}
 c - a +0 demon trident of electrocution
 f - the +4 broad axe "Sukhudi" (weapon) {pain, ^Fragile rPois Dex+2}
   (Xom gifted it to you on level 4 of the Dungeon)

   Dex+2:     It affects your dexterity (+2).
   rPois:     It protects you from poison.
   ^Fragile:  It will be destroyed if unequipped.
 l - a +3 trident of draining
 x - a +1 hand axe of electrocution
Missiles
 d - 16 poisoned darts (quivered)
 g - 5 throwing nets
 h - a javelin
 q - 4 boomerangs
 y - 3 curare-tipped darts
Armour
 e - a +0 cloak (worn)
 j - a +1 scale mail of willpower (worn)
 n - +0 steam dragon scales
 u - a +0 pair of gloves (worn)
 w - a +1 helmet (worn)
 z - a +2 scale mail of poison resistance
 A - +0 acid dragon scales
 D - a +1 pair of boots (worn)
Magical Staves
 v - a staff of cold
Talismans
 C - a serpent talisman
Wands
 B - a wand of flame (14)
Scrolls
 i - a scroll of identify
 k - 3 scrolls of amnesia
 m - 2 scrolls of noise
 o - 3 scrolls of vulnerability
 s - a scroll of torment
Potions
 b - 2 potions of brilliance
 p - a potion of lignification
 r - a potion of enlightenment
 t - a potion of cancellation


   Skills:
 * Level 7.7 Fighting
 * Level 7.7(8.3) Axes
 + Level 4.2(6.2) Polearms
 * Level 6.6 Armour
 * Level 6.5 Dodging
 + Level 4.0 Stealth
 + Level 3.5 Spellcasting
 + Level 4.5 Alchemy
 + Level 5.5 Evocations


You had 5 spell levels left.
You knew the following spells:

 Your Spells              Type           Power      Damage    Failure   Level
a - Cigotuvi's Dreadful   Necr/Alch/Air  14%        N/A       43%         2
b - Momentum Strike       Conj/Tloc      4%         3d8       65%         2
c - Blink                 Tloc           4%         N/A       65%         2
d - Fugue of the Fallen   Necr           2%         N/A       86%         3
x - Mephitic Cloud        Conj/Alch/Air  7%         N/A       67%         3

Your spell library contained the following spells:

 Spells                   Type           Power      Damage    Failure   Level
 Lesser Beckoning         Tloc           4%         N/A       65%         2
 Scorch                   Fire           4%         2d5       65%         2
 Dazzling Flash           Conj/Hex       4%         N/A       86%         3
 Ozocubu's Armour         Ice            2%         N/A       86%         3
 Volatile Blastmotes      Fire/Tloc      4%         2d10      86%         3
 Fulminant Prism          Conj/Alch      5%         3d7       92%         4
 Ignite Poison            Fire/Alch      10%        N/A       92%         4
 Flame Wave               Conj/Fire      2%         2d4       99%         4
 Iskenderun's Mystic Bla  Conj/Tloc      2%         2d3       99%         4
 Manifold Assault         Tloc           2%         N/A       99%         4
 Curse of Agony           Necr           2%         N/A       100%        5
 Freezing Cloud           Conj/Ice/Air   1%         6-21      100%        5
 Silence                  Hex/Air        1%         N/A       100%        5
 Starburst                Conj/Fire      1%         6d3       100%        6
 Summon Cactus Giant      Summ           1%         N/A       100%        6
 Maxwell's Capacitive Co  Air            1%         ∞         100%        8


Dungeon Overview and Level Annotations

Branches:
Dungeon (9/15)             Temple (1/1) D:6            Lair (0/5) D:8
Ossuary (visited)
    Orc: D:9-12

Altars:
Cheibriados
Dithmenos
Elyvilon
Fedhas
Gozag
Hepliaklqana
Kikubaaqudgha
Makhleb
Nemelex Xobeh
Okawaru
Qazlal
Ru
Sif Muna
Uskayaw
Vehumet
Wu Jian
Xom
Yredelemnul
Zin
The Shining One

Annotations:
D:6 2 runed translucent doors, seaofthunder's ghost, novice MDFi


Innate Abilities, Weirdness & Mutations

You can wield a second weapon in your off-hand.
It takes a long time for you to wield or remove held weapons.
Your first few attacks do less damage.
You cannot equip rings or amulets.
You have very sharp teeth.
Your mind is acute. (Int +4, Str/Dex -1)
Your flesh is cold resistant. (rC+)
You have an increased reservoir of magic. (+10% MP)
Your system is resistant to poisons. (rPois)
You sometimes lose the ability to drink potions when taking damage.
You occasionally lose the ability to read scrolls when taking damage.


Message History

Your unstable footing causes you to fumble your attack.
The acid dragon barely misses you. x2
You hit the acid dragon but do no damage.
You hit the acid dragon with the +4 broad axe "Sukhudi".
The acid dragon spits acid at you. The splash of acid misses you.
The acid dragon bites you.
* * * LOW HITPOINT WARNING * * *
The acid dragon closely misses you.
You take 3 damage, and have 19/85 hp.
You hit the acid dragon but do no damage.
The acid dragon is lightly wounded.
You hit the acid dragon with the +4 broad axe "Sukhudi".
The acid dragon barely misses you.
The acid dragon claws you but does no damage.
Okay, then.
Aiming: Throw Flame
Press: ? - help, Shift-Dir - straight line, f - acid dragon
Aim: an acid dragon (moderately wounded, 74% to hit)
The puff of flame misses the acid dragon.
The acid dragon is engulfed in a cloud of scalding steam.
The acid dragon bites you but does no damage.
The acid dragon claws you.
* * * LOW HITPOINT WARNING * * *
You take 1 damage, and have 18/85 hp.
You closely miss the acid dragon with your +0 hand axe of chaos.
The acid dragon is heavily wounded.
You slash the acid dragon with the +4 broad axe "Sukhudi"!
You kill the acid dragon!
You hear a splash.
The acid dragon scales are intact enough to wear.
You enter the shallow water.
Moving in this stuff is going to be slow.
Things that are here:
+0 acid dragon scales; an acid dragon corpse A - +0 acid dragon scales A steam dragon comes into view.
The steam dragon breathes steam at you. The ball of steam hits you!!
You die...

#.##.##........##
#........###.#.#
#..D.(...#.#.#.#
#.##§...........
.....§.?....~.....
.#.##(§...~.~...~~.
#.###.§..≈.~≈~~.~..
......§~[≈~.≈≈≈~≈.
..!....@†≈~≈≈≈≈≈
........~~≈≈≈~~~
.#..#.~~§~.~.~.≈
##.#..≈≈~....~≈
...?~~~.~....~
#.#.~.≈~...>.~
#.#..~~~....~≈ #
#..~≈~.~$..~


There were no monsters in sight!

Vanquished Creatures
  Harold (D:9)
  The ghost of Rudyous the Chopper, a novice CoFi (D:5)
  Maurice (D:9)
  A rust devil (D:9)
  Maggie (D:9)
  Jeremiah (D:6)
  A red devil (D:9)
  2 ice devils (D:9)
  A troll (D:8)
  A hellwing (D:9)
  3 hornets
  Prince Ribbit (D:7)
  A wyvern (D:8)
  A wraith (D:9)
  Eustachio (D:4)
  3 water moccasins
  2 acid dragons
  2 orc warriors
  2 wolves (D:8)
  A bullfrog (D:9)
  2 elf zombies (Ossuary)
  A kobold brigand (D:9)
  2 scorpions (D:5)
  A burial acolyte (Ossuary)
  17 wights
  2 electric eels (D:8)
  3 howler monkeys
  5 bombardier beetles
  2 centaur zombies (Ossuary)
  11 hounds
  A human zombie (Ossuary)
  2 gnoll boudas
  4 orc priests
  3 quasits (D:3)
  A sleepcap (D:5)
  3 iguanas
  Terence (D:2)
  8 orc wizards
  2 crocodile zombies (Ossuary)
  The ghost of justen the Magician, a weakling TrHW (D:3)
  A hound zombie (Ossuary)
  3 mummies (Ossuary)
  Robin (D:3)
  10 gnolls
  4 adders
  A shadow imp (D:6)
  2 white imps
  2 ufetubi (D:5)
  6 adder zombies (Ossuary)
  5 ribbon worms
  3 dart slugs
  27 orcs
  3 endoplasms
  2 giant cockroaches (D:2)
  2 gnoll zombies (Ossuary)
  10 hobgoblins
  10 jackals
  3 quokkas
  6 ball pythons
  4 ball python zombies (Ossuary)
  3 bats
  2 frilled lizards (D:1)
  15 goblins
  3 jackal zombies (Ossuary)
  9 kobolds
  5 kobold zombies (Ossuary)
  2 orc zombies (Ossuary)
  8 rats
252 creatures vanquished.

Vanquished Creatures (collateral kills)
  A wyvern (D:9)
1 creature vanquished.

Vanquished Creatures (others)
  A wolf (D:8)
1 creature vanquished.

Grand Total: 254 creatures vanquished

Notes
Turn   | Place    | Note
-------+----------+-------------------------------------------
     0 | D:1      | ezpacito the Coglin Chaos Knight began the quest for the
                  | Orb.
     0 | D:1      | Reached XP level 1. HP: 18/18 MP: 1/1
    57 | D:1      | Reached skill level 1 in Dodging
    57 | D:1      | Reached XP level 2. HP: 16/24 MP: 2/2
   206 | D:1      | XOM: noise
   421 | D:1      | XOM: cloud trail
   481 | D:1      | XOM: smoke on damage
   547 | D:2      | Noticed Terence
   552 | D:2      | Killed Terence
   553 | D:2      | Reached XP level 3. HP: 29/29 MP: 3/3
   630 | D:2      | Reached XP level 4. HP: 15/35 MP: 4/4
   696 | D:2      | Found a faded altar of an unknown god.
   878 | D:2      | XOM: divination: detect items
   977 | D:2      | Reached skill level 1 in Stealth
  1256 | D:3      | Noticed Robin
  1258 | D:3      | XOM: chaos upgrade
  1266 | D:3      | Reached XP level 5. HP: 33/41 MP: 5/5
  1269 | D:3      | Killed Robin
  1431 | D:3      | Reached skill level 1 in Polearms
  1444 | D:3      | Noticed justen's ghost (weakling TrHW)
  1459 | D:3      | Found a transporter.
  1547 | D:3      | Found a transporter.
  1927 | D:3      | XOM: give mutation
  1927 | D:3      | Gained mutation: You possess an exceptional clarity of
                  | mind. [Xom's grace]
  1948 | D:3      | XOM: enchant monster (good)
  1949 | D:3      | XOM: swap monsters
  1961 | D:3      | Killed justen's ghost
  1975 | D:3      | Reached XP level 6. HP: 25/48 MP: 7/7
  1985 | D:3      | Reached skill level 1 in Spellcasting
  2071 | D:3      | XOM: give mutation
  2071 | D:3      | Gained mutation: You are agile. (Dex +4, Str/Int -1) [Xom's
                  | grace]
  2088 | D:3      | Learned a level 2 spell: Cigotuvi's Dreadful Rot
  2092 | D:3      | Learned a level 3 spell: Mephitic Cloud
  2095 | D:3      | Learned a level 2 spell: Momentum Strike
  2185 | D:4      | XOM: silly message
  2251 | D:4      | Noticed Eustachio
  2255 | D:4      | XOM: cleaving
  2267 | D:4      | Killed Eustachio
  2268 | D:4      | Reached XP level 7. HP: 44/54 MP: 8/8
  2435 | D:4      | Reached skill level 1 in Evocations
  2436 | D:4      | Found an iron altar of Okawaru.
  2458 | D:4      | Identified the +4 broad axe "Sukhudi" {pain, ^Fragile rPois
                  | Dex+2} (Xom gifted it to you on level 4 of the Dungeon)
  2458 | D:4      | XOM: god gift: +4 broad axe "Sukhudi" {pain, ^Fragile rPois
                  | Dex+2}
  2774 | D:4      | Found a blossoming altar of Fedhas.
  2795 | D:4      | Found a glowing silver altar of Zin.
  2820 | D:4      | XOM: god gift: leather armour {god gift}
  2859 | D:5      | Entered Level 5 of the Dungeon
  2865 | D:5      | Reached skill level 1 in Alchemy
  2937 | D:5      | Found a sand-covered staircase.
  2946 | Ossuary  | Entered an ossuary
  2968 | Ossuary  | XOM: god gift: wand of roots (5)
  2991 | Ossuary  | XOM: summons 1 hostile shadow creature
  3059 | Ossuary  | XOM: enchant monster (bad)
  3069 | Ossuary  | Reached XP level 8. HP: 38/61 MP: 10/10
  3392 | D:5      | Reached skill level 5 in Fighting
  3440 | D:5      | Found a transporter.
  3442 | D:5      | Noticed Rudyous's ghost (novice CoFi)
  3446 | D:5      | Found a transporter.
  3484 | D:5      | Reached skill level 5 in Axes
  3540 | D:5      | Found a shadowy altar of Dithmenos.
  3621 | D:5      | XOM: summons 2 hostile demons
  3915 | D:5      | XOM: summons 5 hostile demons
  4144 | D:6      | XOM: give mutation
  4144 | D:6      | Gained mutation: You are dopey. (Int -2) [Xom's mischief]
  4278 | D:6      | Found a large runed translucent door.
  4281 | D:6      | Found a large runed translucent door.
  4283 | D:6      | Noticed seaofthunder's ghost (novice MDFi)
  4308 | D:6      | Reached XP level 9. HP: 55/68 MP: 12/12
  4438 | D:6      | Learned a level 2 spell: Blink
  4442 | D:6      | Learned a level 3 spell: Fugue of the Fallen
  4466 | D:6      | Noticed Jeremiah
  4466 | D:6      | XOM: 1-stop teleportation journey
  4468 | D:6      | XOM: enchant monster (bad)
  4470 | D:6      | XOM: snakes to sticks
  4474 | D:6      | Killed Jeremiah
  4488 | D:6      | Reached skill level 5 in Armour
  4677 | D:6      | Found a staircase to the Ecumenical Temple.
  4688 | Temple   | Entered the Ecumenical Temple
  4957 | D:7      | XOM: cloud trail
  5154 | D:7      | XOM: enchant monster (bad)
  5257 | D:7      | Noticed Prince Ribbit
  5257 | D:7      | XOM: 3-stop teleportation journey
  5268 | D:7      | Killed Prince Ribbit
  5470 | D:5      | XOM: smoke on damage
  5472 | D:5      | Reached skill level 5 in Dodging
  5478 | D:5      | Killed Rudyous's ghost
  5479 | D:5      | Reached XP level 10. HP: 41/77 MP: 12/14
  5977 | D:7      | XOM: give mutation
  5977 | D:7      | Gained mutation: You are weak. (Str -2) [Xom's mischief]
  5978 | D:7      | Lost mutation: You are weak. (Str -2) [potion of mutation]
  5978 | D:7      | Lost mutation: You are dopey. (Int -2) [potion of mutation]
  5978 | D:7      | Lost mutation: You are agile. (Dex +4, Str/Int -1) [potion
                  | of mutation]
  5978 | D:7      | Gained mutation: You are clumsy. (Dex -2) [potion of
                  | mutation]
  5978 | D:7      | Gained mutation: You have very sharp teeth. [potion of
                  | mutation]
  6155 | D:7      | You fall into a shaft and drop 2 floors!
  6188 | D:9      | Noticed a rust devil
  6193 | D:9      | XOM: summons friendly ufetubus
  6288 | D:9      | Killed a rust devil
  6364 | D:9      | XOM: 2-stop teleportation journey
  6387 | D:9      | XOM: confuse monster(s)
  6609 | D:9      | XOM: summons 10 friendly demons
  6731 | D:9      | XOM: divination: magic mapping
  6780 | D:9      | Reached skill level 5 in Evocations
  6958 | D:9      | XOM: god gift: pair of gloves {god gift}
  6974 | D:9      | Noticed Harold
  6979 | D:9      | XOM: destruction
  6992 | D:9      | XOM: confuse monster(s)
  7002 | D:9      | Killed Harold
  7003 | D:9      | Reached XP level 11. HP: 44/84 MP: 15/15
  7159 | D:9      | Noticed Maurice
  7159 | D:9      | XOM: summons 1 hostile shadow creature
  7170 | D:9      | Something stole a +0 demon trident of electrocution
  7177 | D:9      | Something stole a serpent talisman
  7178 | D:9      | Killed Maurice
  7289 | D:9      | XOM: summons 2 hostile demons
  7299 | D:9      | XOM: give mutations
  7299 | D:9      | Lost mutation: You possess an exceptional clarity of mind.
                  | [Xom's mischief]
  7299 | D:9      | Gained mutation: You have an increased reservoir of magic.
                  | (+10% MP) [Xom's mischief]
  7299 | D:9      | Gained mutation: Your mind is acute. (Int +4, Str/Dex -1)
                  | [Xom's mischief]
  7300 | D:9      | XOM: summons 2 hostile shadow creatures
  7491 | D:9      | Noticed Maggie
  7491 | D:9      | XOM: confusion
  7509 | D:9      | XOM: enchant monster (bad)
  7513 | D:9      | Killed Maggie
  7616 | D:9      | XOM: give mutations
  7616 | D:9      | Gained mutation: You occasionally lose the ability to drink
                  | potions when taking damage. [Xom's mischief]
  7616 | D:9      | Lost mutation: You are clumsy. (Dex -2) [Xom's mischief]
  7616 | D:9      | Gained mutation: You are weak. (Str -2) [Xom's mischief]
  7616 | D:9      | Gained mutation: You occasionally lose the ability to read
                  | scrolls when taking damage. [Xom's mischief]
  7745 | D:9      | XOM: give mutations
  7745 | D:9      | Lost mutation: You are weak. (Str -2) [Xom's mischief]
  7745 | D:9      | Gained mutation: Your system is resistant to poisons.
                  | (rPois) [Xom's mischief]
  7745 | D:9      | Gained mutation: Your flesh is cold resistant. (rC+) [Xom's
                  | mischief]
  7745 | D:9      | Gained mutation: You sometimes lose the ability to drink
                  | potions when taking damage. [Xom's mischief]
  7759 | D:8      | XOM: potion effect (attraction)
  7868 | D:8      | Found a staircase to the Lair.
  7873 | D:8      | XOM: enchant monster (bad)
  7876 | D:8      | XOM: repel stairs
  7884 | D:8      | XOM: cast spell 'Olgreb's Toxic Radiance'
  7896 | D:8      | Killed from afar by a steam dragon

Illustrated notes

Levels and vault maps discovered:
D:1:      tarquinn_simple_flora_water_b, layout_rooms
D:2:      layout_basic, hellmonk_ecumenical_altar_arch_garden,
          kennysheep_flooded_box, grunt_decor_resistance, uniq_terence
D:3:      layout_basic, gammafunk_ghost_stat_death, uniq_robin
D:4:      layout_basic, okawaru_gym_becter, jmf_multi_god_temple2,
          uniq_eustachio
D:5:      layout_rooms, mainiacjoe_overflow_tiny_flanked,
          mainiacjoe_ossuary_entry_dusty_tomb, gammafunk_ghost_arena
D:6:      layout_gridville, minmay_temple_entry_arrows,
          ebering_ghost_disaster_area, uniq_jeremiah
D:7:      layout_basic, uniq_prince_ribbit1
D:8:      layout_loops_cross, erik_lair_island
D:9:      layout_stronghold, trog_hazing_becter, serial_demonic,
          serial_demonic_a, serial_demonic_e, serial_demonic_b,
          serial_demonic_b, serial_shops, nicolae_shop_tiny_waterfront,
          uniq_maurice, uniq_harold, uniq_maggie
Temple:   nicolae_temple_x_marks_the_god

Skill      XL: |  1  2  3  4  5  6  7  8  9 10 11 |
---------------+----------------------------------+-----
Armour         | 2 3 4 5 6 |  6.6
Dodging        | 1 2 3 4 5 6 |  6.5
Stealth        | 1 2 3 4 |  4.0
Polearms       | 1 2 3 4 |  4.2
Spellcasting   | 1 2 3 |  3.5
Fighting       | 4 5 6 7 |  7.7
Axes           | 4 5 6 7 |  7.7
Evocations     | 2 3 4 5 |  5.5
Alchemy        | 1 2 3 4 |  4.5

Action                     |  1- 3 |  4- 6 |  7- 9 | 10-12 || total
---------------------------+-------+-------+-------+-------++-------
  Melee: Hand axe          |    60 |   132 |   239 |   126 ||   557
         Dagger            |    56 |    78 |       |       ||   134
         Spear             |       |    55 |    13 |       ||    68
         Broad axe         |       |       |   237 |   130 ||   367
         Bite              |       |       |       |    19 ||    19
  Throw: Dart              |       |       |       |     2 ||     2
  Evoke: Wand              |       |       |     7 |    20 ||    27
    Use: Scroll            |     1 |     8 |     6 |     9 ||    24
         Potion            |       |     3 |     6 |     4 ||    13
   Stab: Confused          |       |     2 |     4 |     4 ||    10
         Paralysed         |       |     1 |     1 |       ||     2
         Distracted        |       |     1 |       |     3 ||     4
         Sleeping          |       |       |     1 |       ||     1
 Armour: Leather armour    |    28 |       |       |       ||    28
         Scale mail        |    17 |   203 |   222 |   172 ||   614
  Dodge: Dodged            |    29 |   140 |   163 |    96 ||   428

Table legend: (Time is in decaauts)
 A = Elapsed time spent in this place.
 B = Non-inter-level travel time spent in this place.
 C = Inter-level travel time spent in this place.
 D = Time resting spent in this place.
 E = Time spent auto-exploring this place.
 F = Levels seen in this place.
 G = Mean time per level.
                   A        B        C        D        E       F      G
               +--------+--------+--------+--------+--------+-----+--------+
         Total |   7983 |   7551 |    432 |    574 |   5268 |  11 |  725.7 |
       Dungeon |   7554 |   7122 |    432 |    574 |   5047 |   9 |  839.3 |
        Temple |      1 |      1 |      0 |      0 |      0 |   1 |    1.0 |
       Ossuary |    427 |    427 |      0 |      0 |    221 |   1 |  427.0 |
               +--------+--------+--------+--------+--------+-----+--------+

Top non-repeatable levels by time:
     D:9: 1613 daAuts
     D:5: 1057 daAuts
     D:7: 972 daAuts
     D:3: 926 daAuts
     D:6: 887 daAuts
     D:4: 756 daAuts
     D:2: 651 daAuts
     D:1: 549 daAuts
 Ossuary: 427 daAuts
     D:8: 139 daAuts
  Temple: 1 daAuts
